 Dungeon Crawl Stone Soup version 0.17.0-9-g801d43b (webtiles) character file.

1216 JudasIscariot the Ducker (level 8, -5/79 HPs)
             Began as a Troll Fighter on Nov 10, 2015.
             Was a Believer of Okawaru.
             Killed by divine providence
             ... invoked by an orc priest
              (16 damage)
             ... on level 5 of the Dungeon.
             The game lasted 00:17:03 (4975 turns).

JudasIscariot the Ducker (Troll Fighter)            Turns: 4975, Time: 00:17:03

Health: -5/79      AC:  6    Str: 27    XL:     8   Next: 22%
Magic:  7/7        EV:  9    Int:  4    God:    Okawaru [**....]
Gold:   120        SH:  9    Dex:  9    Spells: 0 memorised, 7 levels left

rFire  . . .     SeeInvis .     g - +2 flail (drain)
rCold  . . .     Clarity  .     b - +1 robe
rNeg   . . .     SustAt   .     c - +0 shield
rPois  .         Gourm    +     (helmet restricted)
rElec  .         Spirit   .     (no cloak)
rCorr  .         Warding  .     (gloves unavailable)
rMut   .         Stasis   .     (boots unavailable)
MR     .....                    (no amulet)
Stlth  +.........               (no ring)
                                (no ring)

@: not resistant to hostile enchantments, very unstealthy
A: unfitting armour, claws 3, fast metabolism 3, gourmand, regeneration 2,
shaggy fur 1, tough skin 2
a: Heroism, Renounce Religion


You were on level 5 of the Dungeon.
You worshipped Okawaru.
Okawaru was pleased with you.
You were completely stuffed.

You visited 1 branch of the dungeon, and saw 6 of its levels.

You collected 253 gold pieces.
You spent 133 gold pieces at shops.

Inventory:

Hand Weapons
 a - a +1 flail
 g - a +2 flail of draining (weapon)
Armour
 b - a +1 robe (worn)
 c - a +0 shield (worn)
Wands
 h - a wand of digging (24)
 t - a wand of enslavement (15)
Scrolls
 d - a scroll of fear {unknown}
 j - 4 scrolls of enchant weapon
 k - 3 scrolls of remove curse
 m - a scroll of enchant armour
 o - 2 scrolls of identify
 p - a scroll of random uselessness {unknown}
 r - a scroll of recharging
 u - a scroll of blinking {unknown}
Potions
 f - a potion of haste
 i - 4 potions of curing
 l - a potion of cancellation {unknown}
 n - 2 potions of flight {unknown}
 v - a potion of poison {unknown}
Books
 s - a book of Necromancy

   Spells                             Type                      Level
   a - Pain                           Necromancy                   1
   b - Animate Skeleton               Necromancy                   1
   c - Vampiric Draining              Necromancy                   3
   d - Regeneration                   Charms/Necromancy            3
   e - Animate Dead                   Necromancy                   4
   f - Control Undead                 Necromancy                   4
Comestibles
 e - 7 bread rations


   Skills:
 * Level 4.4 Fighting
 * Level 4.4 Maces & Flails
 * Level 6.1 Dodging
 + Level 0.7 Stealth
 + Level 3.4 Shields
 + Level 0.1 Invocations


You had 7 spell levels left.
You didn't know any spells.

Dungeon Overview and Level Annotations

Branches:
Dungeon (6/15)             Temple (0/1) D:6

Altars:
Ashenzari
Elyvilon
Fedhas
Kikubaaqudgha
Nemelex Xobeh
Okawaru
Qazlal
Ru
Vehumet
Yredelemnul
The Shining One

Shops:
D:4 ?


Innate Abilities, Weirdness & Mutations

You are too large for most types of armour.
You have claws for hands.
Your metabolism is lightning-fast.
You like to eat raw meat.
You heal very quickly.
You are covered in fur (AC +1).
You have very tough skin (AC +2).


Message History

The orc warrior hits you with a halberd!
The orc priest shouts!
You barely miss the orc warrior.
The orc warrior is heavily wounded.
The orc warrior hits you with a halberd!!
There is a stone staircase leading up here.
The orc warrior hits you with a halberd!
The orc priest calls down the wrath of Beogh upon you.
Something smites you!
You climb upwards.
There is a stone staircase leading down here.
The orc warrior hits you with a halberd!
* * * LOW HITPOINT WARNING * * *
The orc priest invokes the aid of Beogh against you.
Something smites you!
* * * LOW HITPOINT WARNING * * *
You block the orc warrior's attack.
The orc priest calls down the wrath of Beogh upon you.
Something smites you!
You die...

.<.....รท...'.....................
#.#.####...######.....###########
......##...######.....##......# #
#.#.#.##...##...'.....##......###
....#.#######.###.....##......'..
..###(# ############......###
....#.# ###>### #........#
#.#.#)#########8.oo8###########.#
....((.......##.@...##'..........
#####.......##8.....8##########.#
# #######.###.!...## #.# # #.#
#8...8# #.# # #.# #.....# #.# #
#.# 8.....8 ####(. # ##.###.....##
#..... # #...##8?..8# #..... ###.#
## #.....


You could see an orc warrior and an orc priest.

Vanquished Creatures
  The ghost of JudasIscariot the Ducker, an amateur TrFi (D:3)
  2 phantoms
  2 centaurs (D:5)
  2 ogres
  A scorpion (D:5)
  A centaur zombie (D:5)
  Ijyb (D:3)
  2 orc wizards
  3 worker ants (D:4)
  A worker ant zombie (D:5)
  Robin (D:3)
  9 adders
  8 gnolls
  A shadow imp (D:5)
  An adder zombie (D:6)
  4 worms
  An adder skeleton (D:6)
  10 giant geckos
  15 orcs
  6 bats
  4 giant cockroaches
  11 hobgoblins
  4 jackals
  2 quokkas
  2 ball pythons
  A giant gecko skeleton (D:4)
  4 giant newts
  10 goblins
  A jackal skeleton (D:4)
  9 kobolds
  9 rats
129 creatures vanquished.

Notes
Turn   | Place    | Note
--------------------------------------------------------------
     0 | D:1      | JudasIscariot the Troll Fighter began the quest for the Orb.
     0 | D:1      | Reached XP level 1. HP: 22/22 MP: 0/0
   265 | D:1      | Reached XP level 2. HP: 23/29 MP: 1/1
   612 | D:1      | Reached skill level 3 in Dodging
   612 | D:1      | Reached XP level 3. HP: 36/36 MP: 2/2
   816 | D:2      | Found a stormy altar of Qazlal.
  1178 | D:2      | Reached XP level 4. HP: 30/44 MP: 3/3
  1202 | D:2      | Found an iron altar of Okawaru.
  1283 | D:2      | Became a worshipper of Warmaster Okawaru
  1479 | D:2      | Found a sparkling altar of Nemelex Xobeh.
  1558 | D:2      | Found a shattered altar of Ashenzari.
  1558 | D:2      | Found an ancient bone altar of Kikubaaqudgha.
  1558 | D:2      | Found a blossoming altar of Fedhas.
  1802 | D:3      | Noticed JudasIscariot's ghost (amateur TrFi)
  1819 | D:3      | Noticed Ijyb
  1834 | D:3      | Killed Ijyb
  1834 | D:3      | Reached XP level 5. HP: 49/53 MP: 4/4
  2023 | D:3      | Killed JudasIscariot's ghost
  2023 | D:3      | Reached * piety under Okawaru
  2023 | D:3      | Reached skill level 4 in Dodging
  2023 | D:3      | Reached XP level 6. HP: 34/61 MP: 5/5
  2033 | D:3      | Noticed Robin
  2045 | D:3      | Killed Robin
  2841 | D:4      | Found Waqoch's Magic Scroll Boutique.
  2842 | D:4      | Found a white marble altar of Elyvilon.
  2861 | D:4      | Bought a scroll of enchant weapon for 105 gold pieces
  2861 | D:4      | Bought a scroll of identify for 28 gold pieces
  3000 | D:4      | Found a sacrificial altar of Ru.
  3221 | D:4      | Found a glowing golden altar of the Shining One.
  3224 | D:4      | Noticed an angel
  3231 | D:4      | Found a basalt altar of Yredelemnul.
  3233 | D:4      | Noticed a profane servitor
  3336 | D:4      | Reached XP level 7. HP: 62/68 MP: 6/6
  3342 | D:4      | Reached skill level 5 in Dodging
  3567 | D:5      | Entered Level 5 of the Dungeon
  3647 | D:5      | Reached ** piety under Okawaru
  4220 | D:5      | Reached XP level 8. HP: 59/78 MP: 7/7
  4453 | D:6      | Found a radiant altar of Vehumet.
  4735 | D:6      | Reached skill level 6 in Dodging
  4802 | D:6      | Found a staircase to the Ecumenical Temple.
  4849 | D:6      | HP: 3/79 [orc warrior/halberd (17)]
  4975 | D:5      | Killed from afar by an orc priest

Action                   |  1- 3 |  4- 6 |  7- 9 || total
-------------------------+-------+-------+-------++-------
Melee: Flail             |   178 |   250 |   145 ||   573
Invok: Heroism           |       |       |     1 ||     1
  Use: Scroll            |     2 |     5 |     1 ||     8
       Potion            |       |     3 |     3 ||     6
 Stab: Sleeping          |       |     1 |       ||     1
  Eat: Chunk             |    17 |    21 |    16 ||    54
